 Dungeon Crawl Stone Soup version 0.18.1-5-g4a78601 (webtiles) character file.

167479 dorian the Black Belt (level 17, 0/144 HPs)
             Began as a Pale Draconian Transmuter on May 9, 2016.
             Was the Champion of Cheibriados.
             Shot with a bolt by a naga sharpshooter (25 damage)
             ... led by Vashnia
             ... on level 2 of the Snake Pit on May 10, 2016.
             The game lasted 02:05:25 (42832 turns).

dorian the Black Belt (Pale Draconian Transmuter)  Turns: 42832, Time: 02:05:27

Health: 0/144      AC: 13    Str: 27    XL:     17   Next: 31%
Magic:  24/28      EV: 27    Int: 32    God:    Cheibriados [******]
Gold:   362        SH:  0    Dex: 33    Spells: 9 memorised, 0 levels left

rFire  . . .     SeeInvis +       - Unarmed
rCold  + + +     Gourm    .     (armour unavailable)
rNeg   . . .     Faith    .     (shield currently unavailable)
rPois  +         Spirit   .     w - +0 hat {SInv}
rElec  .         Dismiss  .     I - +1 cloak
rCorr  .         Reflect  .     (gloves currently unavailable)
SustAt .         Harm     .     (no boots)
MR     +....                    (no amulet)
Stlth  ++........               W - ring of poison resistance
                                k - +4 ring of slaying

@: lethally poisoned (0 -> 0), short of breath, blade hands (expiring), very
slow, somewhat resistant to hostile enchantments, unstealthy
A: breathe steam, unfitting armour, stinger 1, agile 1, clever 1, cold
resistance 3, shaggy fur 2, weak 1, evolution 1, cold-blooded, AC +9
a: Breathe Steam, End Transformation, Bend Time, Temporal Distortion, Slouch,
Step From Time, Renounce Religion


You were on level 2 of the Snake Pit.
You worshipped Cheibriados.
Cheibriados was exalted by your worship.
You were not hungry.
You had blades for hands.
You visited 6 branches of the dungeon, and saw 29 of its levels.
You also visited: Labyrinth.

You collected 2709 gold pieces.
You spent 2347 gold pieces at shops.

Inventory:

Missiles
 a - 878 arrows
 g - 7 javelins (quivered)
Armour
 w - a +0 hat of see invisible (worn)
 C - the +0 pair of gloves of the Armadillo (melded) {+Inv rPois rCorr Dex+4}
   (You bought it in a shop on level 6 of the Dungeon)

   It affects your dexterity (+4).
   It protects you from poison.
   It lets you turn invisible.
   It protects you from acid and corrosion.
 I - a +1 cloak (worn)
 R - a +0 shield (melded)
Jewellery
 h - an uncursed ring of positive energy
 k - a +4 ring of slaying (left scythe-like blade)
 x - an uncursed ring of protection from magic
 K - an uncursed ring of ice
 U - an uncursed ring of fire
 W - a ring of poison resistance (right scythe-like blade)
Wands
 b - a wand of teleportation (4/9)
 q - a wand of lightning (6/15)
 F - a wand of lightning (6/15)
 H - a wand of acid (7/15)
 L - a wand of paralysis (1/24)
 M - a wand of digging (7/24)
 O - a wand of confusion (27/48)
 T - a wand of disintegration (6/24)
 Y - a wand of heal wounds (4/9)
Scrolls
 d - 2 scrolls of magic mapping
 l - 2 scrolls of fog
 m - 9 scrolls of amnesia
 o - 10 scrolls of remove curse
 p - 5 scrolls of teleportation
 u - 2 scrolls of fear
 y - 2 scrolls of enchant weapon
 z - a scroll of blinking
 A - 12 scrolls of identify
 G - 2 scrolls of recharging
 Q - a scroll of brand weapon
 Z - 3 scrolls of immolation
Potions
 e - 3 potions of ambrosia
 f - 2 potions of curing
 i - 3 potions of cure mutation
 s - 2 potions of flight
 D - a potion of heal wounds
 E - a potion of lignification
Books
 j - a book of Battle

   Spells                             Type                      Level
   a - Infusion                       Charms                       1
   b - Shroud of Golubria             Charms/Translocation         2
   c - Song of Slaying                Charms                       2
   d - Spectral Weapon                Hexes/Charms                 3
   e - Regeneration                   Charms/Necromancy            3
 r - the Papyrus of Plaster Cramp
   (You found it on level 13 of the Dungeon)

   Spells                             Type                      Level
   a - Leda's Liquefaction            Hexes/Earth                  4
   b - Petrify                        Transmutation/Earth          4
 t - Vilel Kous's Incunabulum of Axaxaxas mlö
   (You found it on level 13 of the Dungeon)

   Spells                             Type                      Level
   a - Summon Lightning Spire         Summoning/Air                4
   b - Ring of Flames                 Charms/Fire                  7
 v - Ts'ui Pên's Volume of Forking Paths
   (You found it on level 13 of the Dungeon)

   Spells                             Type                      Level
   a - Slow                           Hexes                        2
   b - Dazzling Spray                 Conjuration/Hexes            3
   c - Gell's Gravitas                Hexes/Translocation          3
 X - a book of Minor Magic

   Spells                             Type                      Level
   a - Magic Dart                     Conjuration                  1
   b - Blink                          Translocation                2
   c - Call Imp                       Summoning                    2
   d - Repel Missiles                 Charms/Air                   2
   e - Slow                           Hexes                        2
   f - Conjure Flame                  Conjuration/Fire             3
   g - Mephitic Cloud                 Conjuration/Poison/Air       3
Miscellaneous
 P - a lamp of fire
Comestibles
 c - 15 bread rations
 n - 18 meat rations
 B - 11 royal jellies
 J - a slice of pizza
 N - a beef jerky


   Skills:
 - Level 11.1 Fighting
 + Level 10.8 Dodging
 - Level 8.0 Shields
 * Level 16.1 Unarmed Combat
 + Level 7.8 Spellcasting
 + Level 3.2 Charms
 - Level 14.0 Transmutations
 + Level 10.2 Earth Magic
 - Level 10.8 Invocations


You couldn't memorise any spells.
You knew the following spells:

 Your Spells              Type           Power        Failure   Level  Hunger
a - Beastly Appendage     Trmt           ######       3%          1    None
b - Sticks to Snakes      Trmt           #######.     4%          2    None
c - Blade Hands           Trmt           #######...   12%         5    ####...
d - Ice Form              Ice/Trmt       ######..     24%         4    None
e - Statue Form           Trmt/Erth      ######...    32%         6    #####..
f - Deflect Missiles      Chrm/Air       ###.......   100%        6    #####..
g - Regeneration          Chrm/Necr      ###.......   41%         3    None
h - Repel Missiles        Chrm/Air       ###...       24%         2    None
i - Song of Slaying       Chrm           ####....     17%         2    None


Dungeon Overview and Level Annotations

Branches:
Dungeon (15/15)            Temple (1/1) D:5            Lair (8/8) D:9
 Shoals (1/4) Lair:4        Snake (2/4) Lair:3        Slime (0/6) Lair:8
    Orc (2/2) D:10            Elf (0/3) Orc:2        Vaults (0/5) D:14
 Depths (0/5) D:15

Altars:
Ashenzari
Cheibriados
Dithmenos
Elyvilon
Fedhas
Gozag
Kikubaaqudgha
Makhleb
Nemelex Xobeh
Okawaru
Pakellas
Qazlal
Ru
Sif Muna
Trog
Vehumet
Xom
Yredelemnul
Zin
The Shining One
Beogh
Jiyva

Shops:
D:6 [   D:7 (   D:11 [   D:14 (![%   D:15 [   Orc:1 ((*   Orc:2 ::(*
Snake:2 }%:=?

Annotations:
Lair:8 exclusion: 4 oklob plants
Snake:2 Vashnia


Innate Abilities, Weirdness & Mutations

You can breathe blasts of scalding, opaque steam.
Your pale cyan-grey scales are hard (AC +9).
Your body does not fit into most forms of armour.
You are cold-blooded and may be slowed by cold attacks.
Your tail ends in a poisonous barb.
You are agile. (Dex +2)
Your mind is acute. (Int +2)
Your flesh is almost immune to the effects of cold.
You are covered in thick fur (AC +2).
You are weak. (Str -2)
You evolve.


Message History

Vashnia mumbles some strange words.
The naga sharpshooter blinks! x3
Things that are here:
an arrow; 2 bolts You shred Vashnia!!!
Vashnia's shroud falls apart!
You tail-slap Vashnia, but do no damage.
Your slash misses Vashnia.
Vashnia is moderately wounded.
You feel sick.
The naga sharpshooter casts a spell.
The naga sharpshooter magically shoots a bolt.
The bolt hits you!
You miss Vashnia. You tail-slap Vashnia. Your slash misses Vashnia.
Vashnia is moderately wounded.
The naga sharpshooter casts a spell.
The naga sharpshooter magically shoots a bolt.
The bolt hits you!!
* * * LOW HITPOINT WARNING * * *
Vashnia blinks!
The naga sharpshooter shoots a bolt.
The bolt hits you!!
You die...

....###.#.###.##..##............#
..### #.......###.#....#####..###
..# ##......# #...#......#.## .##
#......###............# ..####
#.............#..###..# .....#
#..#..N..#..##....###.#
..##.###..#.....#..###.#.# #.#
..##........N...§......#.###.#
..##........##..@............####
.###........####(...##.#.###)....
## #........##§(....<(.#.###.[...
# #........#..N.(.....#..[).##..
####[......(((...(..#.###)#### ##
##......#####..[....###.# .#
#..^....## ####.....##.## # .#
#............###..#(}....### .#
#.##....####........##<.....


You could see Vashnia and 2 naga sharpshooters.

Vanquished Creatures
  Norris (Snake:2)
  Rupert (Lair:8)
  The ghost of oplop the Impaler, an adept MfIE of Cheibriados (Snake:2)
  Frances (D:12)
  2 orc warlords (Orc:1)
  A salamander stormcaller (D:14)
  Snorg (Lair:4)
  A minotaur (Lab)
  A fire dragon (Lair:8)
  2 rakshasas
  A naga warrior (Snake:2)
  12 hydras
  4 anacondas
  6 centaur warriors
  A death knight (D:14)
  2 dancing weapons (D:14)
  A queen ant (Lair:5)
  12 death yaks
  2 ogre magi (D:15)
  A shock serpent (Snake:2)
  8 naga sharpshooters
  11 orc high priests
  A wizard (D:15)
  2 fire crabs
  A salamander mystic (Snake:2)
  A skeletal warrior (D:15)
  A giant orange brain (D:15)
  Pikel (D:5)
  2 lindwurms (Lair:8)
  A hill giant (shapeshifter) (D:14)
  4 naga ritualists
  An orc knight (D:15)
  A deep elf archer (Orc:1)
  The ghost of Bubs the Shield-Bearer, a novice FoFi (D:7)
  A phantasmal warrior (D:14)
  3 hill giants
  2 griffons
  6 deep elf magi
  16 ugly things
  15 mana vipers
  3 orc sorcerers
  7 cyclopes
  4 salamanders
  3 sirens (Lair:4)
  A manticore (D:12)
  19 elephants
  Psyche (D:12)
  Maurice (D:13)
  2 guardian serpents
  5 naga magi
  A water nymph (shapeshifter) (D:15)
  6 torpor snails
  23 black mambas
  5 spiny frogs
  5 rime drakes
  2 kobold demonologists (D:12)
  13 komodo dragons
  A freezing wraith (D:14)
  2 tengu conjurers (D:13)
  A troll (shapeshifter) (D:15)
  6 giant leeches (Lair:8)
  6 trolls
  4 polar bears
  8 two-headed ogres
  A merfolk (Lair:4)
  29 blink frogs
  7 slime creatures
  2 boulder beetles
  4 water elementals (D:14)
  2 vampires
  33 yaks
  6 wyverns
  A human (D:10)
  A yak (shapeshifter) (D:15)
  2 steam dragons
  5 basilisks
  3 wraiths (D:14)
  A hippogriff (shapeshifter) (D:14)
  12 hippogriffs
  7 vampire mosquitoes (D:14)
  A hungry ghost (D:9)
  Edmund (D:5)
  2 mottled dragons
  9 soldier ants
  18 nagas
  9 wargs
  18 porcupines
  19 water moccasins
  17 orc warriors
  4 black bears
  A swamp drake (Lair:7)
  5 wasps
  3 sky beasts
  2 slaves (D:5)
  An eye of draining (D:8)
  8 ice beasts
  An eye of draining (shapeshifter) (D:15)
  2 phantoms
  19 centaurs
  18 ogres
  2 necrophages
  29 wolves
  13 big kobolds
  21 crocodiles
  26 giant frogs
  A gnoll sergeant (D:13)
  A water moccasin zombie (D:9)
  A wyvern zombie (D:14)
  A water moccasin skeleton (D:6)
  2 scorpions
  14 killer bees
  14 wights
  9 howler monkeys
  2 electric eels
  9 crimson imps
  3 centaur zombies
  A quasit (D:10)
  14 jellies
  A giant frog skeleton (D:9)
  35 orc priests
  5 hounds
  9 centaur skeletons
  14 iguanas
  21 orc wizards
  24 worker ants
  A killer bee zombie (D:9)
  10 sheep
  A hound zombie (D:8)
  A hound skeleton (D:7)
  2 worker ant zombies (D:8)
  9 adders
  4 gnolls
  83 river rats
  3 shadow imps
  8 oozes
  19 worms
  3 dart slugs
  3 fire bats (D:5)
  6 giant geckos
  109 orcs
  2 spectral bats (D:5)
  17 bats
  3 bat skeletons (D:5)
  A bat zombie (D:5)
  5 giant cockroaches
  7 hobgoblins
  19 jackals
  22 kobolds
  10 quokkas
  2 ball pythons
  A bat simulacrum (D:5)
  4 giant newts
  9 goblins
  A jackal skeleton (D:6)
  A quokka skeleton (D:9)
  9 rats
  A fungus (Lair:8)
  3 plants (Lair:8)
1187 creatures vanquished.

Vanquished Creatures (collateral kills)
  An oklob plant (Lair:8)
  A spiny frog (Lair:8)
  A vampire bat (D:5)
  A kobold (D:8)
4 creatures vanquished.

Vanquished Creatures (others)
  A wizard (D:15)
  A bush (Lair:8)
  A fire vortex (D:14)
  A fulminant prism (Snake:2)
  71 fungi
  46 plants
121 creatures vanquished.

Grand Total: 1312 creatures vanquished

Notes
Turn   | Place    | Note
--------------------------------------------------------------
     0 | D:1      | dorian the Draconian Transmuter began the quest for the Orb.
     0 | D:1      | Reached XP level 1. HP: 16/16 MP: 3/3
   221 | D:1      | Reached XP level 2. HP: 4/23 MP: 3/5
   845 | D:1      | Reached skill level 4 in Unarmed Combat
   846 | D:1      | Reached XP level 3. HP: 26/28 MP: 6/6
  1611 | D:2      | Reached XP level 4. HP: 23/35 MP: 7/7
  1991 | D:2      | Found an opulent altar of Gozag.
  1991 | D:2      | Found a sparkling altar of Nemelex Xobeh.
  2286 | D:3      | Learned a level 2 spell: Sticks to Snakes
  2376 | D:3      | Found a deep blue altar of Sif Muna.
  2685 | D:3      | Reached skill level 5 in Unarmed Combat
  2957 | D:4      | Reached XP level 5. HP: 40/40 MP: 8/8
  3624 | D:4      | Found a radiant altar of Vehumet.
  3624 | D:4      | Found a burning altar of Makhleb.
  4059 | D:4      | Reached XP level 6. HP: 13/47 MP: 9/9
  4377 | D:4      | Reached skill level 6 in Unarmed Combat
  4460 | D:5      | Entered Level 5 of the Dungeon
  4549 | D:5      | Noticed Pikel
  4551 | D:5      | Noticed a sky beast
  4552 | D:5      | Noticed a slave
  5125 | D:5      | Your scales start taking on a pale cyan-grey colour.
  5125 | D:5      | Reached XP level 7. HP: 50/52 MP: 7/10
  5193 | D:5      | Reached skill level 7 in Unarmed Combat
  5335 | D:5      | Reached skill level 5 in Transmutations
  5802 | D:5      | Found a bloodstained altar of Trog.
  5802 | D:5      | Found a blossoming altar of Fedhas.
  5811 | D:5      | Found a white marble altar of Elyvilon.
  5944 | D:5      | Killed Pikel
  5944 | D:5      | Reached skill level 9 in Unarmed Combat
  5944 | D:5      | Reached XP level 8. HP: 23/59 MP: 7/11
  6147 | D:5      | Found a staircase to the Ecumenical Temple.
  6162 | Temple   | Entered the Ecumenical Temple
  6169 | Temple   | Became a worshipper of Cheibriados the Contemplative
  6520 | D:5      | Noticed Edmund
  6539 | D:5      | Killed Edmund
  7032 | D:6      | Reached skill level 10 in Unarmed Combat
  7042 | D:6      | Found Amuisuho's Antique Armour Emporium.
  7119 | D:6      | Reached XP level 9. HP: 58/64 MP: 12/12
  7271 | D:6      | Reached * piety under Cheibriados
  7931 | D:7      | Noticed Bubs's ghost (novice FoFi)
  7972 | D:6      | Bought a pair of jewelled gloves for 285 gold pieces
  7977 | D:6      | Identified the cursed +0 pair of gloves of the Armadillo {+Inv rPois rCorr Dex+4} (You bought it in a shop on level 6 of the Dungeon)
  8237 | D:7      | Found Vuakuts's Antique Weapon Shoppe.
  8634 | D:8      | Reached ** piety under Cheibriados
  8650 | D:8      | Reached skill level 11 in Unarmed Combat
  8801 | D:8      | Learned a level 5 spell: Blade Hands
  9360 | D:8      | Learned a level 4 spell: Ice Form
  9434 | D:8      | Reached *** piety under Cheibriados
  9434 | D:8      | Reached skill level 1 in Invocations
  9829 | D:8      | Reached XP level 10. HP: 74/74 MP: 11/13
 10192 | D:8      | Reached **** piety under Cheibriados
 10380 | D:7      | Killed Bubs's ghost
 11112 | D:9      | Noticed a cyclops
 11122 | D:9      | Killed a cyclops
 11122 | D:9      | Reached skill level 5 in Fighting
 11279 | D:9      | Reached ***** piety under Cheibriados
 11292 | D:9      | Reached skill level 5 in Invocations
 11394 | D:9      | Noticed an elephant
 11807 | D:9      | Found a staircase to the Lair.
 11835 | D:9      | Found an oddly glowing altar of Pakellas.
 11858 | D:9      | Killed an elephant
 11858 | D:9      | Reached skill level 10 in Transmutations
 11925 | D:9      | Reached XP level 11. HP: 88/88 MP: 15/15
 12040 | D:9      | Found a shattered altar of Ashenzari.
 12048 | D:9      | Found a glowing silver altar of Zin.
 12052 | D:9      | Found a shadowy altar of Dithmenos.
 12052 | D:9      | Found a shattered altar of Ashenzari.
 12203 | D:10     | Entered Level 10 of the Dungeon
 12218 | D:10     | Found a viscous altar of Jiyva.
 12860 | D:10     | Found a staircase to the Orcish Mines.
 13776 | D:11     | Found Kimuqit's Armour Boutique.
 14800 | D:11     | Noticed a purple ugly thing
 14807 | D:11     | Killed a purple ugly thing
 14811 | D:11     | Gained mutation: Scrolls take you a little longer to read. [mutagenic meat]
 14812 | D:11     | Gained mutation: You are somewhat resistant to further mutation. [mutagenic meat]
 14978 | D:11     | Found a sparkling altar of Nemelex Xobeh.
 15232 | D:11     | Noticed a centaur warrior
 15234 | D:11     | Killed a centaur warrior
 15234 | D:11     | Reached skill level 5 in Dodging
 15653 | D:9      | Reached XP level 12. HP: 89/97 MP: 18/18
 15661 | Lair:1   | Entered Level 1 of the Lair of Beasts
 15727 | Lair:1   | Noticed a five-headed hydra
 15742 | Lair:1   | Killed a five-headed hydra
 15742 | Lair:1   | Reached skill level 1 in Shields
 16658 | Lair:1   | Identified Sif Muna's Catalogue of Combat Magic and Evil
 17116 | Lair:2   | Reached ****** piety under Cheibriados
 17781 | Lair:2   | Noticed a seven-headed hydra
 17789 | Lair:2   | Killed a seven-headed hydra
 17990 | Lair:2   | Reached skill level 10 in Invocations
 18005 | Lair:2   | Noticed an eight-headed hydra
 18020 | Lair:2   | Killed an eight-headed hydra
 18635 | Lair:3   | Reached skill level 5 in Shields
 18672 | Lair:3   | Found a labyrinth entrance.
 18681 | Lab      | Entered a labyrinth
 18879 | Lab      | Noticed a minotaur
 18885 | Lab      | Killed a minotaur
 18900 | Lab      | Identified the Handbook of Battle Magic
 19376 | Lair:2   | Learned a level 6 spell: Statue Form
 19473 | Lair:3   | Noticed a seven-headed hydra
 19479 | Lair:3   | Killed a seven-headed hydra
 19479 | Lair:3   | Reached skill level 1 in Earth Magic
 19928 | Lair:3   | Reached XP level 13. HP: 90/104 MP: 20/20
 20099 | Lair:3   | Found a staircase to the Snake Pit.
 20902 | Lair:4   | Noticed Snorg
 20908 | Lair:4   | Killed Snorg
 21338 | Lair:4   | Reached skill level 5 in Spellcasting
 21495 | Lair:4   | Found a staircase to the Shoals.
 21713 | Shoals:1 | Entered Level 1 of the Shoals
 22517 | Lair:5   | Reached skill level 5 in Earth Magic
 24125 | Lair:6   | Reached XP level 14. HP: 111/111 MP: 18/24
 24286 | Lair:6   | Learned a level 6 spell: Deflect Missiles
 24603 | Lair:7   | Reached skill level 12 in Unarmed Combat
 26661 | Lair:8   | Entered Level 8 of the Lair of Beasts
 26909 | Lair:8   | Noticed Rupert
 26914 | Lair:8   | Paralysed by Rupert for 3 turns
 26923 | Lair:8   | Killed Rupert
 27007 | Lair:8   | Found a runed door.
 27085 | Lair:8   | Reached skill level 13 in Unarmed Combat
 27198 | Lair:8   | Found a blossoming altar of Fedhas.
 28520 | Lair:8   | Reached XP level 15. HP: 123/123 MP: 25/25
 29534 | Lair:8   | Found a staircase to the Slime Pits.
 29959 | D:9      | Lost mutation: You are somewhat resistant to further mutation. [potion of cure mutation]
 29959 | D:9      | Lost mutation: Scrolls take you a little longer to read. [potion of cure mutation]
 30134 | D:12     | Noticed Frances
 30142 | D:12     | Killed Frances
 30579 | D:12     | Noticed Psyche
 30590 | D:12     | Killed Psyche
 30600 | D:12     | Gained mutation: Your flesh is cold resistant. [mutagenic meat]
 30601 | D:12     | Gained mutation: You are weak. (Str -2) [mutagenic meat]
 30602 | D:12     | Gained mutation: Your flesh is very cold resistant. [mutagenic meat]
 31299 | D:13     | Identified the Papyrus of Plaster Cramp
 31544 | D:13     | Noticed Maurice
 31551 | D:13     | Killed Maurice
 31554 | D:13     | Reached skill level 14 in Unarmed Combat
 31881 | D:13     | Identified Vilel Kous's Incunabulum of Axaxaxas mlö
 31888 | D:13     | Identified Ts'ui Pên's Volume of Forking Paths
 32111 | D:14     | Found Ferchuq's Antique Armour Boutique.
 32488 | D:14     | Found Kouphoh's Food Boutique.
 32493 | D:14     | Bought an embroidered hat for 120 gold pieces
 32998 | D:14     | Found Vuev's Antique Weapon Shoppe.
 33018 | D:14     | HP: 1/126 [enchanted long sword (13)]
 33158 | D:14     | Found Feyff's Distillery.
 33646 | D:14     | Found a gate to the Vaults.
 33673 | D:14     | Reached skill level 10 in Fighting
 33820 | D:14     | Gained mutation: You expend magic power (3 MP) to strengthen your wands. [mutagenic meat]
 33821 | D:14     | Gained mutation: You tend to lose your temper in combat. [mutagenic meat]
 33822 | D:14     | Gained mutation: You are agile. (Dex +2) [mutagenic meat]
 33823 | D:14     | Gained mutation: You are frail (-10% HP). [mutagenic meat]
 33825 | D:14     | Lost mutation: You are frail (-10% HP). [mutagenic meat]
 33826 | D:14     | Gained mutation: Your flesh is almost immune to the effects of cold. [mutagenic meat]
 33829 | D:14     | Lost mutation: You expend magic power (3 MP) to strengthen your wands. [mutagenic meat]
 33830 | D:14     | Gained mutation: You are frail (-10% HP). [potion of mutation]
 33831 | D:14     | Lost mutation: You are frail (-10% HP). [potion of mutation]
 33832 | D:14     | Gained mutation: You are covered in fur (AC +1). [potion of mutation]
 33959 | D:14     | Bought a potion of mutation for 30 gold pieces
 33959 | D:14     | Bought a potion of heal wounds for 60 gold pieces
 33959 | D:14     | Bought a potion of lignification for 36 gold pieces
 33959 | D:14     | Bought a potion of heal wounds for 60 gold pieces
 33959 | D:14     | Gained mutation: You evolve. [potion of mutation]
 33983 | D:14     | Gained mutation: You are covered in thick fur (AC +2). [evolution]
 34160 | D:14     | Gained mutation: Your mind is acute. (Int +2) [mutagenic meat]
 34161 | D:14     | Gained mutation: You are very agile. (Dex +4) [mutagenic meat]
 34162 | D:14     | Gained mutation: Your tail ends in a poisonous barb. [mutagenic meat]
 34386 | D:14     | Reached XP level 16. HP: 134/134 MP: 26/26
 34446 | D:15     | Entered Level 15 of the Dungeon
 34446 | D:15     | Found Efoul's Antique Armour Emporium.
 34564 | D:15     | Bought a pair of embroidered boots for 126 gold pieces
 34564 | D:15     | Bought a runed cloak for 126 gold pieces
 34579 | D:15     | Identified a +0 pair of boots of running (You bought it in a shop on level 15 of the Dungeon)
 35298 | D:15     | Reached skill level 10 in Dodging
 35474 | D:15     | Found a staircase to the Depths.
 35490 | D:15     | Gained mutation: Your large and strong wings let you fly indefinitely. [mutagenic meat]
 35492 | D:15     | Lost mutation: You are very agile. (Dex +4) [mutagenic meat]
 35493 | D:15     | Lost mutation: Your large and strong wings let you fly indefinitely. [mutagenic meat]
 36110 | Orc:1    | Entered Level 1 of the Orcish Mines
 36141 | Orc:1    | Found Diawn's Assorted Antiques.
 36154 | Orc:1    | Found Oddyatiz's Antique Weapon Shop.
 36158 | Orc:1    | Found Wisypocre's Weapon Emporium.
 36316 | Orc:2    | Entered Level 2 of the Orcish Mines
 36397 | Orc:1    | Reached skill level 15 in Unarmed Combat
 36883 | Orc:1    | Found Arphaegit's Armour Shop.
 37070 | Orc:1    | Got a slimy scimitar {drain}
 37179 | Orc:2    | Found a roughly hewn altar of Beogh.
 37207 | Orc:2    | Found a staircase to the Elven Halls.
 38032 | Orc:2    | Found Jeiniut's Assorted Antiques.
 38032 | Orc:2    | Found Ovvorph's Antique Weapon Boutique.
 38119 | Orc:2    | Bought a dented ivory amulet for 140 gold pieces
 38120 | Orc:2    | Identified the cursed +0 scimitar "Heutais" {drain, rElec rC+} (You took it off an orc on level 1 of the Orcish Mines)
 38146 | Orc:2    | Found a roughly hewn altar of Beogh.
 38438 | Orc:2    | Found Vosiugeuxi's Book Emporium.
 38438 | Orc:2    | Found Hexov's Book Boutique.
 38538 | Orc:2    | Bought a book of Battle for 400 gold pieces
 38542 | Orc:2    | Learned a level 3 spell: Regeneration
 38927 | Snake:1  | Entered Level 1 of the Snake Pit
 39373 | Snake:1  | Lost mutation: You tend to lose your temper in combat. [evolution]
 39667 | Snake:1  | Reached skill level 1 in Charms
 40894 | Snake:2  | Found Quofag's Magic Scroll Shop.
 40924 | Snake:2  | Reached XP level 17. HP: 19/144 MP: 1/28
 41313 | Snake:2  | Noticed Norris
 41323 | Snake:2  | Killed Norris
 41323 | Snake:2  | Reached skill level 10 in Earth Magic
 42233 | Snake:2  | Reached skill level 16 in Unarmed Combat
 42254 | Snake:2  | Noticed oplop's ghost (adept MfIE)
 42262 | Snake:2  | Killed oplop's ghost
 42656 | Snake:2  | Found Jyotyf's Book Emporium.
 42668 | Snake:2  | Bought a book of Minor Magic for 340 gold pieces
 42671 | Snake:2  | Learned a level 2 spell: Repel Missiles
 42674 | Snake:2  | Learned a level 2 spell: Song of Slaying
 42722 | Snake:2  | Found Suade's Gadget Shop.
 42730 | Snake:2  | Bought a wand of heal wounds (4/9) for 624 gold pieces
 42737 | Snake:2  | Found Qattam's Food Shoppe.
 42741 | Snake:2  | Found Duti's Jewellery Shoppe.
 42826 | Snake:2  | Noticed Vashnia
 42832 | Snake:2  | Shot with a bolt by a naga sharpshooter

Skill      XL: |  1  2  3  4  5  6  7  8  9 10 11 12 13 14 15 16 17 |
---------------+----------------------------------------------------+-----
Unarmed Combat | 4 5 6 9 10 11 13 14 15 16 | 16.1
Transmutations | 3 4 6 8 10 11 12 13 14 | 14.0
Invocations    | 1 5 8 10 | 10.8
Fighting       | 2 6 8 10 11 | 11.1
Dodging        | 5 7 8 9 10 | 10.8
Shields        | 5 8 |  8.0
Spellcasting   | 4 6 7 |  7.8
Earth Magic    | 1 5 7 8 9 10 | 10.2
Charms         | 2 3 |  3.2

Action                   |  1- 3 |  4- 6 |  7- 9 | 10-12 | 13-15 | 16-18 || total
-------------------------+-------+-------+-------+-------+-------+-------++-------
Melee: Unarmed           |   159 |   149 |   357 |   664 |  1186 |   687 ||  3202
       Tailslap          |    18 |    24 |    58 |   153 |   320 |   165 ||   738
       Headbutt          |     2 |    11 |    19 |    26 |     6 |     9 ||    73
       Kick              |     7 |     9 |    32 |    41 |     7 |       ||    96
       Short sword       |       |   130 |       |       |       |       ||   130
       Punch             |       |     7 |    16 |    57 |    41 |    18 ||   139
Throw: Javelin           |       |       |       |       |    24 |    18 ||    42
 Cast: Beastly Appendage |     4 |    10 |    24 |    13 |     2 |     1 ||    54
       Sticks to Snakes  |       |     4 |    16 |     2 |    10 |     1 ||    33
       Blade Hands       |       |       |     5 |    26 |    51 |    16 ||    98
       Ice Form          |       |       |       |     5 |     8 |       ||    13
       Repel Missiles    |       |       |       |       |       |     2 ||     2
       Regeneration      |       |       |       |       |       |     1 ||     1
Invok: Slouch            |       |       |       |     5 |     6 |     8 ||    19
       Bend Time         |       |       |       |     1 |       |       ||     1
       Step From Time    |       |       |       |       |     1 |       ||     1
 Abil: Breathe Steam     |       |       |     4 |     3 |    12 |     2 ||    21
       End Transformatio |       |       |       |     1 |     6 |     1 ||     8
Evoke: Wand              |       |       |     9 |     1 |     5 |     4 ||    19
       Lamp of fire      |       |       |       |       |     1 |       ||     1
  Use: Potion            |       |     3 |       |     9 |    17 |     2 ||    31
       Scroll            |       |       |     8 |    18 |     5 |     2 ||    33
 Stab: Sleeping          |       |     2 |     1 |    12 |     7 |     4 ||    26
       Distracted        |       |     1 |     1 |     3 |    10 |     6 ||    21
       Paralysed         |       |       |     5 |       |       |       ||     5
       Invisible         |       |       |       |       |     2 |       ||     2
  Eat: Chunk             |     2 |    12 |    13 |    28 |    44 |    21 ||   120
       Royal jelly       |       |       |     1 |       |       |       ||     1
       Pizza             |       |       |       |     1 |       |       ||     1
       Beef jerky        |       |       |       |     4 |     1 |       ||     5
       Fruit             |       |       |       |       |     9 |    10 ||    19
Armor: Skin              |    34 |    76 |   146 |   175 |   148 |    61 ||   640
Dodge: Dodged            |    91 |   164 |   244 |   509 |   749 |   437 ||  2194
       Deflected         |       |       |       |       |       |     5 ||     5
Block: Shield            |       |       |       |       |   522 |   344 ||   866
